 Dungeon Crawl Stone Soup version 0.26-a0-812-g31a745ddcd (webtiles) character file.

Game seed: 3517580786016409589

2 Dracia the Chiller (level 1, -3/15 HPs)
             Began as a Naga Ice Elementalist on Dec 5, 2020.
             Slain by a hobgoblin
             ... wielding a +0 club
              (6 damage)
             ... on level 1 of the Dungeon.
             The game lasted 00:00:35 (87 turns).

Dracia the Chiller (Naga Ice Elementalist)            Turns: 87, Time: 00:00:36

Health: -3/15      AC:  1    Str: 10    XL:     1   Next: 40%
Magic:  0/3        EV: 10    Int: 15    God:
Gold:   5          SH:  0    Dex: 11    Spells: 3/4 levels left

rFire    . . .     SeeInvis +   (no weapon)
rCold    . . .     Faith    .   (no shield)
rNeg     . . .     Spirit   .   a - +0 robe
rPois    +         Reflect  .   (no helmet)
rElec    .         Harm     .   (no cloak)
rCorr    .         Rampage  .   (no gloves)
MR       .....                  (no barding)
Stlth    ++........             (no amulet)
HPRegen  0.05/turn              (no ring)
MPRegen  0.08/turn              (no ring)

@: very slow
A: large, see invisible, deformed body, poison resistance, slowness 2, spit
poison 1, AC +0
a: Spit Poison


You were on level 1 of the Dungeon.
You visited 1 branch of the dungeon, and saw 1 of its levels.

You collected 5 gold pieces.


Innate Abilities, Weirdness & Mutations

You cannot wear boots.
Your serpentine skin is tough. (AC +0)
You have supernaturally acute eyesight. (SInv)
Armour fits poorly on your strangely shaped body.
Your system is resistant to poisons. (rPois)
You cover ground very slowly.
You can spit poison.


   Skills:
 - Level 1.5 Dodging
 + Level 3.1 Stealth
 + Level 2.0 Spellcasting
 + Level 4.0 Ice Magic


You had 3 spell levels left.
You knew the following spells:

 Your Spells              Type           Power        Failure   Level
z - Freeze                Ice            ##..         4%          1

Your spell library contained the following spells:

 Spells                   Type           Power        Failure   Level
 Frozen Ramparts          Ice            ##....       13%         3
 Ozocubu's Armour         Ice            ##......     13%         3
 Hailstorm                Conj/Ice       #.......     67%         4
 Summon Ice Beast         Ice/Summ       #.......     67%         4

Inventory:

Armour
 a - a +0 robe (worn)
Scrolls
 c - a scroll of identify {unknown}
Potions
 b - a potion of curing {unknown}

Dungeon Overview and Level Annotations

Branches:
Dungeon (1/15)

Altars:

##++## #.....### ......
##....###...#...# ##.....
#......##..####.###......
##.#....##...........#####
#........#...............##
#.#......#..####..#..###...
#...##...#..#####...##.....
#..####..#.g.##........##..
+..'<>+..'.@.............#
#..####..#..#####........#
#...##...#..# ##.#......#
#......#.#..# #.........#
#........#..# #...#######
##....#.##..####...#
#......##.........#
##....###...###...#
.####''####...# #...#


You could see a hobgoblin.


Message History

Aiming: Freeze (safe; 4% risk of failure)
Press: ? - help, Shift-Dir - straight line, f/p - bat
Aim: a bat (heavily wounded)
You freeze the bat.
You kill the bat!
Casting: Freeze (safe; 4% risk of failure)
Confirm with . or Enter, or press ? or * to list all spells.
Aiming: Freeze (safe; 4% risk of failure)
Press: ? - help, Shift-Dir - straight line, f - hobgoblin
Aim: a hobgoblin, wielding a +0 club You freeze the hobgoblin.
The hobgoblin is severely wounded.
The hobgoblin barely misses you.
Casting: Freeze (safe; 4% risk of failure)
Confirm with . or Enter, or press ? or * to list all spells.
Aiming: Freeze (safe; 4% risk of failure)
Press: ? - help, Shift-Dir - straight line, f/p - hobgoblin
Aim: a hobgoblin, wielding a +0 club (severely wounded)
You miscast Freeze.
You are very lightly contaminated with residual magic.
Nothing appears to happen.
Casting: Freeze (safe; 4% risk of failure)
Confirm with . or Enter, or press ? or * to list all spells.
You don't have enough magic to cast that spell.
The hobgoblin closely misses you. The hobgoblin hits you with a +0 club.
* * * LOW HITPOINT WARNING * * *
Your magical contamination has completely faded away.
The hobgoblin hits you with a +0 club.
You die...

Action                   || total
-------------------------++-------
Melee: Unarmed           ||    16
 Cast: Freeze            ||     2
 Abil: Spit Poison       ||     2
Armor: Robe              ||    15
Dodge: Dodged            ||    25

Levels and vault maps discovered:
D:1:      dpeg_arrival_refuge, layout_rooms, minmay_misc_feat_square,
          st_stairs_6

Notes
Turn   | Place    | Note
-------+----------+-------------------------------------------
     0 | D:1      | Dracia the Naga Ice Elementalist began the quest for the
                  | Orb.
     0 | D:1      | Reached XP level 1. HP: 15/15 MP: 3/3
    87 | D:1      | Slain by a hobgoblin

Vanquished Creatures
  A ball python (D:1)
  A bat (D:1)
2 creatures vanquished.

Table legend: (Time is in decaauts)
 A = Elapsed time spent in this place.
 B = Non-inter-level travel time spent in this place.
 C = Inter-level travel time spent in this place.
 D = Time resting spent in this place.
 E = Time spent auto-exploring this place.
 F = Levels seen in this place.
 G = Mean time per level.
                   A        B        C        D        E       F      G
               +--------+--------+--------+--------+--------+-----+--------+
         Total |    110 |    110 |      0 |      0 |     57 |   1 |  110.0 |
       Dungeon |    110 |    110 |      0 |      0 |     57 |   1 |  110.0 |
               +--------+--------+--------+--------+--------+-----+--------+

Top non-repeatable levels by time:
     D:1: 110 daAuts

Table legend:
 A = Non-vault XP
 B = Vault XP
 C = Vault XP percentage of total XP
 D = Non-vault monster count
 E = Vault monster count
 F = Vault count percentage of total count
                 A         B        C        D         E       F
            +---------+---------+-------+---------+---------+-------
      Total |       4 |       0 |   0.0 |       2 |       0 |   0.0
            +---------+---------+-------+---------+---------+-------
        D:1 |       4 |       0 |   0.0 |       2 |       0 |   0.0
            +---------+---------+-------+---------+---------+-------
